 Dungeon Crawl Stone Soup version 0.19-a0-1008-g4c63d25 (webtiles) character file.

33084 mrath the Basher (level 13, -3/116 HPs)
             Began as a Minotaur Fighter on July 23, 2016.
             Was a High Priest of Okawaru.
             Killed from afar by a starcursed mass (7 damage)
             ... with an accursed screaming
             ... on level 2 of the Abyss.
             The game lasted 01:07:00 (17844 turns).

mrath the Basher (Minotaur Fighter)                Turns: 17844, Time: 01:07:01

Health: -3/116     AC: 23    Str: 26    XL:     13   Next: 34%
Magic:  0/17       EV: 14    Int:  5    God:    Okawaru [*****.]
Gold:   725        SH: 14    Dex: 10    Spells: 0 memorised, 12 levels left

rFire  . . .     SeeInvis .     q - +8 whip "Snakebite" {curare, rPois}
rCold  + . .     Gourm    .     S - +0 plate armour
rNeg   . . .     Faith    .     c - +0 shield
rPois  +         Spirit   +     (helmet restricted)
rElec  .         Dismiss  .     I - +0 cloak
rCorr  .         Reflect  .     o - +0 pair of gloves
SustAt .         Harm     .     r - +0 pair of boots
MR     .....                    J - amulet of guardian spirit
Stlth  ..........               O - +1 ring of protection
                                E - ring of protection from cold

@: heroism, finesse, not resistant to hostile enchantments, extremely unstealthy
A: retaliatory headbutt, horns 2
a: Heroism, Finesse, Renounce Religion


You were on level 2 of the Abyss.
You worshipped Okawaru.
Okawaru was extremely pleased with you.
You were not hungry.

You visited 3 branches of the dungeon, and saw 15 of its levels.
You visited the Abyss 1 time.

You collected 725 gold pieces.

Inventory:

Hand Weapons
 h - a +2 war axe of freezing
 q - the +8 whip "Snakebite" (weapon) {curare, rPois}
   (You found it on level 4 of the Lair of Beasts)

   It poisons the flesh of those it strikes.
   It protects you from poison.
 Q - a +1 flail of protection
 V - a +4 flail of freezing
Missiles
 b - 11 curare-tipped needles
 e - 5 needles of confusion
 n - 21 poisoned needles
 F - 10 tomahawks (quivered)
Armour
 c - a +0 shield (worn)
 i - a +1 animal skin
 o - a +0 pair of gloves (worn)
 r - a +0 pair of boots (worn)
 I - a +0 cloak (worn)
 S - a +0 plate armour (worn)
Jewellery
 z - an uncursed ring of protection from magic
 C - an uncursed ring of ice
 E - a ring of protection from cold (left hand)
 J - an amulet of guardian spirit (around neck)
 O - a +1 ring of protection (right hand)
Wands
 g - a wand of flame (34/48)
 j - a wand of disintegration (8/24)
 k - a wand of confusion (26/48)
 y - a wand of random effects (17/48)
 G - a wand of digging (10/24)
 M - a wand of lightning (11/15)
Scrolls
 f - 3 scrolls of enchant weapon
 m - 2 scrolls of teleportation {unknown}
 v - a scroll of magic mapping {unknown}
 x - 2 scrolls of remove curse
 A - 4 scrolls of identify
Potions
 d - a potion of might
 s - 3 potions of curing
 u - a potion of cure mutation {unknown}
 w - a potion of beneficial mutation {unknown}
Books
 p - a book of Unlife

   Spells                             Type                      Level
   a - Recall                         Summoning/Translocation      3
   b - Animate Dead                   Necromancy                   4
   c - Control Undead                 Necromancy                   4
   d - Cigotuvi's Embrace             Necromancy                   5
   e - Death Channel                  Necromancy                   6
   f - Simulacrum                     Ice/Necromancy               6
Miscellaneous
 Y - a box of beasts
Comestibles
 a - a meat ration
 l - a royal jelly
 B - a bread ration
 K - 10 slices of pizza


   Skills:
 + Level 11.2(16.2) Fighting
 + Level 13.6(18.6) Maces & Flails
 + Level 10.9(15.9) Armour
 + Level 9.7(14.7) Dodging
 + Level 10.9(15.9) Shields
 * Level 4.8 Invocations
 + Level 7.9 Evocations


You had 12 spell levels left.
You didn't know any spells.

Dungeon Overview and Level Annotations

Branches:
Dungeon (9/15)             Temple (1/1) D:5            Lair (5/6) D:8
  Swamp (0/4) Lair:4        Snake (0/4) Lair:3        Slime (0/5) Lair:5
    Orc: D:9-12

Altars:
Ashenzari
Cheibriados
Dithmenos
Elyvilon
Fedhas
Gozag
Hepliaklqana
Kikubaaqudgha
Makhleb
Nemelex Xobeh
Okawaru
Pakellas
Qazlal
Ru
Sif Muna
Uskayaw
Vehumet
Xom
Yredelemnul
Zin
The Shining One

Annotations:
Lair:5 Sonja


Innate Abilities, Weirdness & Mutations

You reflexively headbutt those who attack you in melee.
You have a pair of horns on your head.


Message History

You whack the Executioner!
The Executioner looks as sick as possible!
You headbutt the Executioner, but do no damage.
The Executioner is severely wounded.
You whack the Executioner!
The Executioner is almost dead.
The Executioner gestures at you. You resist with significant effort.
You whack the Executioner!
You kill the Executioner!
Okawaru is honoured by your kill. Something appears at your feet!
Okawaru grants you a gift!
e - 5 needles of confusion The neqoxec gestures.
A starcursed mass splits.
The quasit disappears in a puff of smoke!
A starcursed mass splits.
A chorus of shrieks assaults your mind.
You die...

#. .... #
..#.## ##. #
##.#..#..#.#
....#.X#.#.###
.#...X.#.....
.......X..## .
# ##.#...@# .#
..#...##.X#.#
..#.#.....# #
#.#...#.##
#.....#ยง#.#.
# #..###.##..#
# ##
.###..5.#..#
#.3##....# # #
. #X#..#..##


You could see 4 starcursed masses and a white imp.

Vanquished Creatures
  An Executioner (Abyss:2)
  Snorg (Lair:4)
  Josephine (Lair:5)
  4 hydras
  A catoblepas (Lair:1)
  The ghost of Gagarin the Cleaver, a novice HOFi of Qazlal (Lair:1)
  The ghost of shady the Quickloader, a novice DDHu of Makhleb (D:9)
  A large abomination (Abyss:2)
  6 elephants (Lair:3)
  5 black mambas
  4 spiny frogs
  A smoke demon (Abyss:2)
  4 komodo dragons
  2 rime drakes
  An ancient zyme (Abyss:2)
  A troll (D:8)
  2 polar bears (Lair:2)
  The ghost of epen the Changer, an amateur MfTm (D:4)
  14 blink frogs (Lair:2)
  5 wraiths (Lair:5)
  A spriggan (Lair:2)
  7 yaks
  4 fire bats (D:8)
  7 hippogriffs
  4 basilisks
  Edmund (D:6)
  6 nagas (Lair:3)
  12 water moccasins
  A hell hound (D:8)
  6 porcupines
  A swamp drake (Lair:4)
  A black bear (D:7)
  4 sky beasts
  An ice beast (D:6)
  3 orc warriors
  A wasp (D:9)
  4 ogres
  A phantom (D:6)
  11 crocodiles
  11 wolves
  2 centaurs (D:7)
  The ghost of poirepourri the Shooter, an amateur HEHu (D:3)
  Blork the orc (D:5)
  19 giant frogs
  5 scorpions
  4 killer bees (D:8)
  8 wights
  2 howler monkeys
  An electric eel (D:8)
  A giant frog zombie (D:4)
  2 crimson imps
  A quasit (D:7)
  9 hounds
  3 jellies
  3 orc priests (D:8)
  5 orc wizards
  Crazy Yiuf (D:5)
  A giant frog skeleton (D:7)
  Jessica (D:2)
  9 iguanas
  6 worker ants
  12 sheep
  2 hound skeletons
  A worker ant zombie (D:6)
  74 river rats
  10 adders
  3 shadow imps
  An ooze (D:1)
  4 worms
  2 dart slugs
  6 giant geckos
  23 orcs
  7 bats
  6 giant cockroaches
  5 goblins
  11 hobgoblins
  6 jackals
  2 quokkas
  6 ball pythons
  A giant gecko skeleton (D:6)
  6 giant newts
  7 kobolds
  A quokka skeleton (D:7)
  3 rats
  A plant (Lair:2)
429 creatures vanquished.

Vanquished Creatures (others)
  11 fungi
  A lurking horror (Abyss:2)
  4 plants
16 creatures vanquished.

Grand Total: 445 creatures vanquished

Notes
Turn   | Place    | Note
-------+----------+-------------------------------------------
     0 | D:1      | mrath the Minotaur Fighter began the quest for the Orb.
     0 | D:1      | Reached XP level 1. HP: 19/19 MP: 0/0
   303 | D:1      | Reached skill level 3 in Maces & Flails
   356 | D:1      | Reached XP level 2. HP: 25/26 MP: 1/1
   743 | D:2      | Noticed Jessica
   746 | D:2      | Killed Jessica
   746 | D:2      | Reached skill level 4 in Maces & Flails
   746 | D:2      | Reached XP level 3. HP: 31/31 MP: 2/2
   909 | D:2      | Reached skill level 5 in Maces & Flails
  1169 | D:2      | Reached XP level 4. HP: 39/39 MP: 3/3
  1643 | D:3      | Reached skill level 6 in Maces & Flails
  1645 | D:3      | Noticed poirepourri's ghost (amateur HEHu)
  1657 | D:3      | Killed poirepourri's ghost
  1657 | D:3      | Reached XP level 5. HP: 37/45 MP: 4/4
  1764 | D:3      | Reached skill level 7 in Maces & Flails
  1969 | D:3      | Found a faded altar of an unknown god.
  2258 | D:4      | Reached XP level 6. HP: 46/51 MP: 5/5
  2315 | D:4      | Reached skill level 8 in Maces & Flails
  2647 | D:4      | Noticed epen's ghost (amateur MfTm)
  2664 | D:4      | Killed epen's ghost
  2664 | D:4      | Reached skill level 9 in Maces & Flails
  2664 | D:4      | Reached XP level 7. HP: 29/57 MP: 6/6
  2919 | D:4      | Found a sacrificial altar of Ru.
  2919 | D:4      | Found a white marble altar of Elyvilon.
  3041 | D:4      | Reached skill level 1 in Dodging
  3778 | D:5      | Entered Level 5 of the Dungeon
  3828 | D:5      | Reached skill level 10 in Maces & Flails
  3862 | D:5      | Found a staircase to the Ecumenical Temple.
  3873 | Temple   | Entered the Ecumenical Temple
  4080 | D:5      | Reached XP level 8. HP: 59/67 MP: 7/7
  4243 | D:5      | Found a runed door.
  4247 | D:5      | Noticed Crazy Yiuf
  4255 | D:5      | Killed Crazy Yiuf
  4669 | D:6      | Reached skill level 1 in Evocations
  4795 | D:6      | Reached skill level 5 in Armour
  4795 | D:6      | Reached skill level 5 in Shields
  4798 | D:6      | Reached skill level 5 in Fighting
  4814 | D:6      | Noticed Blork the orc
  4845 | D:5      | Killed Blork the orc
  5243 | D:6      | Found an oddly glowing altar of Pakellas.
  5383 | D:6      | Noticed Edmund
  5398 | D:6      | Killed Edmund
  6018 | D:7      | Reached XP level 9. HP: 67/75 MP: 9/9
  6499 | D:7      | Found a blossoming altar of Fedhas.
  6618 | D:7      | Found an iron altar of Okawaru.
  6626 | D:7      | Became a worshipper of Warmaster Okawaru
  6771 | D:8      | Noticed a troll
  6992 | D:8      | Reached skill level 11 in Maces & Flails
  7353 | D:8      | Found a staircase to the Lair.
  7396 | D:8      | Reached * piety under Okawaru
  7483 | D:8      | Killed a troll
  7483 | D:8      | Reached skill level 5 in Dodging
  7807 | D:8      | Reached ** piety under Okawaru
  7807 | D:8      | Reached XP level 10. HP: 66/86 MP: 11/11
  9277 | D:9      | Noticed shady's ghost (novice DDHu)
  9305 | D:9      | Killed shady's ghost
  9305 | D:9      | Reached *** piety under Okawaru
  9458 | D:9      | Found a glowing golden altar of the Shining One.
 10321 | Lair:1   | Entered Level 1 of the Lair of Beasts
 10331 | Lair:1   | Reached skill level 5 in Evocations
 10501 | Lair:1   | Noticed a catoblepas
 10547 | Lair:1   | Killed a catoblepas
 10547 | Lair:1   | Reached **** piety under Okawaru
 10550 | Lair:1   | Noticed Gagarin's ghost (novice HOFi)
 10561 | Lair:1   | Killed Gagarin's ghost
 10561 | Lair:1   | Reached XP level 11. HP: 57/95 MP: 13/13
 10800 | Lair:1   | Reached skill level 12 in Maces & Flails
 11559 | Lair:2   | Reached ***** piety under Okawaru
 11718 | Lair:2   | Received a gift from Okawaru
 12917 | Lair:2   | Noticed an eight-headed hydra
 12930 | Lair:2   | Killed an eight-headed hydra
 12930 | Lair:2   | Reached XP level 12. HP: 52/106 MP: 7/15
 13400 | Lair:3   | Reached skill level 10 in Fighting
 13850 | Lair:3   | Reached skill level 10 in Armour
 13857 | Lair:3   | Received a gift from Okawaru
 14044 | Lair:3   | Found a staircase to the Snake Pit.
 14517 | Lair:3   | Reached skill level 13 in Maces & Flails
 14850 | Lair:3   | Noticed a six-headed hydra
 14859 | Lair:3   | Killed a six-headed hydra
 14859 | Lair:3   | Reached skill level 10 in Shields
 14944 | Lair:3   | Reached skill level 1 in Invocations
 15183 | Lair:4   | Noticed Sonja
 15761 | Lair:4   | Found a staircase to the Swamp.
 16014 | Lair:4   | Noticed a seven-headed hydra
 16020 | Lair:4   | Killed a seven-headed hydra
 16111 | Lair:4   | Noticed Snorg
 16126 | Lair:4   | Killed Snorg
 16269 | Lair:4   | Noticed a seven-headed hydra
 16279 | Lair:4   | Killed a seven-headed hydra
 16433 | Lair:4   | Reached XP level 13. HP: 106/115 MP: 17/17
 16555 | Lair:4   | Received a gift from Okawaru
 17282 | Lair:5   | Found a staircase to the Slime Pits.
 17297 | Lair:5   | Noticed Josephine
 17311 | Lair:5   | Killed Josephine
 17640 | Lair:5   | Cast into level 2 of the Abyss (Sonja)
 17819 | Abyss:2  | Noticed an Executioner
 17822 | Abyss:2  | Noticed a starcursed mass
 17832 | Abyss:2  | HP: 1/116 [starcursed mass/accursed screaming (6)]
 17839 | Abyss:2  | Killed an Executioner
 17839 | Abyss:2  | Received a gift from Okawaru
 17841 | Abyss:2  | Noticed a starcursed mass
 17844 | Abyss:2  | Killed from afar by a starcursed mass

Vault maps used:
D:1:      erik_arrival_triangle_small
D:2:      uniq_jessica
D:3:      ecumenical_altar_2, hex_tiny
D:4:      gammafunk_temple_overflow_elements
D:5:      first_bread, uniq_crazy_yiuf_cottage
D:6:      nicolae_overflow_hidden_temple, grunt_pakellas_salt,
          uniq_blork_the_orc, uniq_edmund
D:7:      lemuel_coloured_pillars_altar, fedhas_altar_2
D:8:      erik_lair_island, minmay_fountain_box, grunt_pizzeria,
          hangedman_incinerator
D:9:      tso_altar
Temple:   eino_temple_rhombus
Lair:2:   grunt_forest_large_clearing_hut, grunt_megastairs_2
Lair:3:   minmay_snake_entry_guardpost_medium, infiniplex_staircase_pool_2
Lair:4:   minmay_guarded_unrand_snakebite, minmay_swamp_entry_reptiles,
          serial_bayou_shore_b, uniq_sonja, uniq_snorg
Lair:5:   slime_dummy, serial_bayou_shore_b, lemuel_fruit_tree,
          grunt_megastairs_1, uniq_josephine
Abyss:2:  evilmike_abyss_exit_8

Skill      XL: |  1  2  3  4  5  6  7  8  9 10 11 12 13 |
---------------+----------------------------------------+-----
Maces & Flails | 3 4 5 6 7 9 10 11 12 13 | 13.6
Fighting       | 4 5 7 8 9 10 11 | 11.2
Dodging        | 1 3 5 6 8 9 |  9.7
Shields        | 4 5 7 8 9 10 | 10.9
Armour         | 4 5 7 8 9 10 | 10.9
Evocations     | 2 3 5 6 7 |  7.9
Invocations    | 3 4 |  4.8

Action                   |  1- 3 |  4- 6 |  7- 9 | 10-12 | 13-15 || total
-------------------------+-------+-------+-------+-------+-------++-------
Melee: Flail             |    80 |   137 |   329 |   768 |    21 ||  1335
       Headbutt          |     9 |    20 |    63 |   161 |    41 ||   294
       Whip              |       |       |       |       |   178 ||   178
Throw: Stone             |       |       |     8 |       |       ||     8
       Tomahawk          |       |       |       |     8 |     1 ||     9
Invok: Heroism           |       |       |       |    20 |     3 ||    23
       Finesse           |       |       |       |     4 |     2 ||     6
  Use: Scroll            |       |     2 |     2 |     7 |       ||    11
       Potion            |       |     1 |     1 |     3 |     1 ||     6
  Eat: Chunk             |     1 |     3 |    14 |    22 |     3 ||    43
       Beef jerky        |       |     1 |     1 |     3 |       ||     5
       Fruit             |       |       |     2 |     1 |       ||     3
       Royal jelly       |       |       |       |       |     1 ||     1
Armor: Scale mail        |    35 |    41 |    56 |       |       ||   132
       Plate armour      |       |       |    65 |   365 |    97 ||   527
Dodge: Dodged            |    15 |    27 |    70 |   258 |    56 ||   426
Block: Shield            |    34 |    51 |   126 |   518 |   108 ||   837
